 Dungeon Crawl Stone Soup version 0.30-a0-782-ge64f9170bb (webtiles) character file.

Game seed: 4178536118087338631

1489 Crownlay the Geomancer (level 8, 0/41 HPs)
             Began as a Gargoyle Earth Elementalist on Mar 2, 2023.
             Was an Initiate of Vehumet.
             Engulfed by a steam dragon's steam (9 damage)
             ... on level 7 of the Dungeon on Mar 4, 2023.
             The game lasted 00:09:30 (5534 turns).

Crownlay the Geomancer (GrEE)                       Turns: 5534, Time: 00:09:31

Health: 0/41       AC:  9    Str: 11    XL:     8   Next: 80%
Magic:  15/18      EV: 11    Int: 19    God:    Vehumet [......]
Gold:   385        SH:  0    Dex: 10    Spells: 17/21 levels left

rFire   . . .      SeeInvis .    n - +0 halberd
rCold   . . .      Faith    .    (shield currently unavailable)
rNeg    + . .      Spirit   .    a - +0 robe
rPois   ∞          Reflect  .    (no helmet)
rElec   +          Harm     .    p - +0 cloak
rCorr   .          Rampage  .    (no gloves)
Will    .....                    u - +0 pair of boots
Stlth   ++                       (no amulet)
HPRegen 0.26/turn                (no ring)
MPRegen 0.16/turn                (no ring)

@: no status effects
A: sickness immunity, AC +5, negative energy resistance 1, electricity
resistance, torment resistance 1, petrification resistance
a: Renounce Religion


You were on level 7 of the Dungeon.
You worshipped Vehumet.
Vehumet was noncommittal.
You visited 2 branches of the dungeon, and saw 8 of its levels.

You collected 385 gold pieces.

Inventory:

Hand Weapons
 n - a +0 halberd (weapon)
Armour
 a - a +0 robe (worn)
 p - a +0 cloak (worn)
 u - a +0 pair of boots (worn)
Wands
 k - a wand of flame (40)
 w - a wand of paralysis (13)
Scrolls
 c - 6 scrolls of teleportation
 d - 6 scrolls of poison
 e - 2 scrolls of butterflies
 i - a scroll of torment {unknown}
 m - a scroll of fear {unknown}
 o - a scroll of silence {unknown}
 q - a scroll of fog {unknown}
 x - 2 scrolls of noise {unknown}
 y - 2 scrolls of enchant weapon
 A - a scroll of magic mapping
 B - a scroll of blinking {unknown}
Potions
 b - a potion of magic
 f - a potion of brilliance {unknown}
 g - 3 potions of mutation
 h - 2 potions of cancellation {unknown}
 j - 2 potions of curing
 l - a potion of degeneration {unknown}
 r - 2 potions of haste
 s - a potion of flight {unknown}
 t - a potion of heal wounds {unknown}
 v - 2 potions of attraction {unknown}
 z - 2 potions of invisibility {unknown}


   Skills:
 - Level 1.5 Dodging
 - Level 2.1 Stealth
 + Level 7.0 Spellcasting
 - Level 0.7 Transmutations
 - Level 10.0 Earth Magic


You had 17 spell levels left.
You knew the following spells:

 Your Spells              Type           Power      Damage    Failure   Level
a - Sandblast             Erth           88%        2d18      1%          1
b - Stone Arrow           Conj/Erth      50%        3d10      3%          3

Your spell library contained the following spells:

 Spells                   Type           Power      Damage    Failure   Level
 Passwall                 Tmut/Erth      22%        N/A       1%          2
 Apportation              Tloc           12%        N/A       10%         1
 Petrify                  Tmut/Erth      27%        N/A       11%         4
 Alistair's Intoxication  Tmut/Pois      5%         N/A       94%         5


Dungeon Overview and Level Annotations

Branches:
Dungeon (7/15)             Temple (1/1) D:6

Altars:
Cheibriados
Dithmenos
Elyvilon
Fedhas
Kikubaaqudgha
Vehumet
Xom
The Shining One

Shops:
D:2 =

Portals:
Ossuary: D:7


Innate Abilities, Weirdness & Mutations

You are immune to sickness and miasma.
Your stone body is resilient. (AC +5)
You are immune to poison.
You resist negative energy. (rN+)
You are resistant to electric shocks. (rElec)
You are resistant to unholy torment.
You are immune to petrification.


Message History

There is a stone staircase leading up here.
As you read the scroll of magic mapping, it crumbles to dust.
You feel aware of your surroundings.
You sensed 2 altars, and 1 shop/portal.
Found a stone staircase leading down.
There is a stone staircase leading down here.
A phantom comes into view.
Found a glowing dagger.
The blast of sand hits the phantom!
The phantom is heavily damaged.
The blast of sand hits the phantom!
You destroy the phantom!
Vehumet accepts your kill.
Your Spellcasting skill increases to level 7!
You can't see any susceptible monsters within range! (Use Z to cast anyway.)
You can't see any susceptible monsters within range! (Use Z to cast anyway.)
Found 4 stones.
Found a sand-covered staircase.
A steam dragon comes into view.
The steam dragon hisses angrily.
A steam dragon is nearby!
You can't see any susceptible monsters within range! (Use Z to cast anyway.)
You can't see any susceptible monsters within range! (Use Z to cast anyway.)
The blast of sand hits the steam dragon.
The steam dragon is lightly wounded.
The blast of sand hits the steam dragon!
The steam dragon is heavily wounded.
The steam dragon breathes steam at you. The ball of steam hits you!
The steam dragon breathes steam at you. The ball of steam hits you!
* * * LOW HITPOINT WARNING * * *
You are too injured to fight recklessly!
Casting: Sandblast (safe; 1% risk of failure)
Confirm with . or Enter, or press ? or * to list all spells.
Aiming: Sandblast (safe; 1% risk of failure)
Press: ? - help, Shift-Dir - straight line, f/p - steam dragon
Aim: a steam dragon (steam, heavily wounded, 85% to hit)
The blast of sand misses the steam dragon.
You are engulfed in a cloud of scalding steam.
You die...

***,,,*,,,,,,,*
#.....##.#..###
,,,,,,*,,,,,,,*
#..............
,,,,,,*,,,,,,,*
#.......>..###.
,,,,,,***##**** ###...##.#.#
#.
,,,,,,*,,...,,**#####...##.#.#
#.
,,,,,,*,,....,+,,...#..)##.#.#
#.
*******,,.....#####.#...##.#.#
#. *,,.....8.D§§§.........# #.
*,,.......@.#.#...##.### #.
*,,...8.∩.8.#.#...##.### #.
***##.......#.#..(#*,#<# #.
#...8...#.#####*,#.# #.
#.......#.# *,#.# #.
#########.# *,#.###. #.#
*,#..... *,* *,###### *,*
*,****


You could see a steam dragon.

Vanquished Creatures
  Duvessa (D:6)
  A centaur (D:5)
  2 ogres
  3 phantoms
  A kobold brigand (D:6)
  2 scorpions (D:6)
  Dowan (D:6)
  A jelly (D:5)
  7 hounds
  Crazy Yiuf (D:2)
  4 orc wizards
  5 iguanas
  5 adders
  A shadow imp (D:6)
  A white imp (D:6)
  2 worms
  2 dart slugs (D:2)
  27 orcs
  4 ball pythons
  7 endoplasms
  7 goblins
  5 hobgoblins
  11 jackals
  2 quokkas
  7 bats
  4 frilled lizards
  10 kobolds
  6 rats
130 creatures vanquished.

Notes
Turn   | Place    | Note
-------+----------+-------------------------------------------
     0 | D:1      | Crownlay the Gargoyle Earth Elementalist began the quest
                  | for the Orb.
     0 | D:1      | Reached XP level 1. HP: 10/10 MP: 3/3
   147 | D:1      | Reached skill level 4 in Earth Magic
   284 | D:1      | Reached XP level 2. HP: 15/15 MP: 3/5
   637 | D:1      | Reached XP level 3. HP: 19/19 MP: 3/6
  1096 | D:1      | Learned a level 3 spell: Stone Arrow
  1186 | D:2      | Found Riokhlu's Jewellery Emporium.
  1274 | D:2      | Reached skill level 5 in Earth Magic
  1376 | D:2      | Found a runed translucent door.
  1377 | D:2      | Noticed Crazy Yiuf
  1650 | D:2      | Reached XP level 4. HP: 24/24 MP: 5/8
  1821 | D:2      | Killed Crazy Yiuf
  2033 | D:3      | Found a glowing golden altar of the Shining One.
  2390 | D:3      | Reached XP level 5. HP: 28/28 MP: 6/9
  2449 | D:3      | Found a faded altar of an unknown god.
  2607 | D:4      | Reached skill level 6 in Earth Magic
  2969 | D:4      | Reached XP level 6. HP: 13/32 MP: 5/11
  3581 | D:5      | Entered Level 5 of the Dungeon
  3611 | D:5      | Reached skill level 7 in Earth Magic
  3805 | D:5      | Reached XP level 7. HP: 33/36 MP: 4/13
  3927 | D:5      | Found a blossoming altar of Fedhas.
  3939 | D:5      | Reached skill level 8 in Earth Magic
  4196 | D:5      | Found a snail-covered altar of Cheibriados.
  4482 | D:5      | Found a white marble altar of Elyvilon.
  4486 | D:5      | Reached skill level 9 in Earth Magic
  4766 | D:6      | Reached XP level 8. HP: 36/41 MP: 10/15
  4858 | D:6      | Found a staircase to the Ecumenical Temple.
  4866 | D:6      | Reached skill level 5 in Spellcasting
  4871 | Temple   | Entered the Ecumenical Temple
  4911 | Temple   | Became a worshipper of Vehumet
  4940 | D:6      | Noticed Duvessa
  4943 | D:6      | Noticed Dowan
  4948 | D:6      | Killed Duvessa
  4951 | D:6      | Killed Dowan
  4952 | D:6      | Reached skill level 10 in Earth Magic
  5341 | D:6      | Found a shimmering altar of Xom.
  5341 | D:6      | Found a shadowy altar of Dithmenos.
  5525 | D:7      | Found a sand-covered staircase.
  5534 | D:7      | Engulfed by a steam dragon's steam

Illustrated notes

Levels and vault maps discovered:
D:1:      saegor_arrival_fortress, layout_basic
D:2:      layout_rooms, serial_shops, shop, uniq_crazy_yiuf_cottage
D:3:      layout_rooms, mainiacjoe_overflow_chevrons,
          shapermc_ecumenical_altar_starsandcircs
D:4:      layout_cave_pods
D:5:      layout_basic, cheibrodos_worm_habitat,
          mainiacjoe_overflow_small_starburst, fedhas_bush_and_centaur_altar
D:6:      layout_cave_pools, jmf_multi_god_temple,
          minmay_temple_entry_sparse_star, uniq_duvessa
D:7:      layout_basic, cheibrodos_ashenzari_chains,
          mainiacjoe_overflow_catwalk, nicolae_ossuary_entry_monument,
          uniq_maggie, uniq_joseph
Temple:   nicolae_temple_superstar

Skill      XL: |  1  2  3  4  5  6  7  8 |
---------------+-------------------------+-----
Earth Magic    | 4 5 6 7 9 10 | 10.0
Spellcasting   | 3 4 7 |  7.0
Dodging        | |  1.5
Stealth        | |  2.1
Transmutations | |  0.7

Action                     |  1- 3 |  4- 6 |  7- 9 || total
---------------------------+-------+-------+-------++-------
  Melee: Club              |    13 |       |       ||    13
         Halberd           |     2 |     7 |    11 ||    20
   Cast: Sandblast         |    54 |    77 |    69 ||   200
         Stone Arrow       |       |     1 |     3 ||     4
    Use: Scroll            |       |     4 |     5 ||     9
   Stab: Sleeping          |       |     1 |       ||     1
 Armour: Robe              |    21 |    25 |    11 ||    57
  Dodge: Dodged            |    32 |    40 |    21 ||    93

Table legend: (Time is in decaauts)
 A = Elapsed time spent in this place.
 B = Non-inter-level travel time spent in this place.
 C = Inter-level travel time spent in this place.
 D = Time resting spent in this place.
 E = Time spent auto-exploring this place.
 F = Levels seen in this place.
 G = Mean time per level.
                   A        B        C        D        E       F      G
               +--------+--------+--------+--------+--------+-----+--------+
         Total |   5655 |   5445 |    210 |      0 |   4646 |   8 |  706.9 |
       Dungeon |   5601 |   5403 |    198 |      0 |   4614 |   7 |  800.1 |
        Temple |     53 |     41 |     12 |      0 |     32 |   1 |   53.0 |
               +--------+--------+--------+--------+--------+-----+--------+

Top non-repeatable levels by time:
     D:5: 1217 daAuts
     D:1: 1141 daAuts
     D:4: 1018 daAuts
     D:2: 817 daAuts
     D:6: 692 daAuts
     D:3: 667 daAuts
  Temple: 53 daAuts
     D:7: 46 daAuts
